 Dungeon Sprint DCSS version 0.22.1-2-g9c5b331383 (webtiles) character file.

8888 Morrissey the Severer (level 11, -2/107 HPs)
             Began as a Minotaur Gladiator on Nov 18, 2018.
             Was the Champion of Makhleb.
             Killed from afar by a deep elf mage (16 damage)
             ... with a bolt of fire
             ... in the Dungeon (Sprint VII: "The Pits").
             The game lasted 00:08:04 (955 turns).

Morrissey the Severer (Minotaur Gladiator)           Turns: 955, Time: 00:08:07

Health: -2/107     AC: 24    Str: 19    XL:     11   Next: 15%
Magic:  17/18      EV: 16    Int:  5    God:    Makhleb [******]
Gold:   0          SH:  0    Dex: 15    Spells: 10/10 levels left

rFire    . . .     SeeInvis .   a - +2 war axe (chop)
rCold    . . .     Gourm    .   (no shield)
rNeg     . . .     Faith    .   q - +2 plate armour
rPois    .         Spirit   .   c - +0 hat
rElec    .         Reflect  .   (no cloak)
rCorr    .         Harm     .   x - +0 pair of gloves
MR       .....     NoTele   +   w - +0 pair of boots
Stlth    ..........             (no amulet)
HPRegen  0.27/turn              s - +3 ring of protection
MPRegen  0.16/turn              u - +3 ring of evasion

@: berserk cooldown, slowed, very slow
A: retaliatory headbutt, horns 2
a: Minor Destruction, Lesser Servant of Makhleb, Major Destruction, Greater
Servant of Makhleb, Renounce Religion


You were in the Dungeon.
You worshipped Makhleb.
Makhleb was exalted by your worship.
You were not hungry.

You visited 1 branch

Inventory:

Hand Weapons
 a - a +2 war axe of chopping (weapon)
 b - a +0 war axe
 r - a cursed +0 battleaxe
 v - a +1 hand axe of chopping
Missiles
 d - 3 throwing nets (quivered)
Armour
 c - a +0 hat (worn)
 q - a +2 plate armour (worn)
 w - a +0 pair of boots (worn)
 x - a +0 pair of gloves (worn)
Jewellery
 s - a +3 ring of protection (left hand)
 u - a +3 ring of evasion (right hand)
Scrolls
 k - a scroll of blinking
 n - 3 scrolls of remove curse
 o - 5 scrolls of amnesia
 p - a scroll of summoning
Potions
 e - 8 potions of curing
 g - 8 potions of heal wounds
 h - a potion of haste
 i - 4 potions of magic
 j - 2 potions of berserk rage
 m - 2 potions of invisibility
 t - 2 potions of agility
Comestibles
 f - 9 rations
 l - 3 chunks of flesh


   Skills:
 + Level 13.5 Fighting
 * Level 18.2 Axes
 - Level 2.0 Throwing
 + Level 13.0 Armour
 + Level 12.6 Dodging
 + Level 11.0 Invocations


You had 10 spell levels left.
You didn't know any spells.
Your spell library was empty.

Dungeon Overview and Level Annotations

Branches:
Dungeon (1/1)

Altars:
Ashenzari
Cheibriados
Dithmenos
Elyvilon
Fedhas
Gozag
Hepliaklqana
Kikubaaqudgha
Makhleb
Nemelex Xobeh
Okawaru
Qazlal
Ru
Sif Muna
Trog
Uskayaw
Vehumet
Wu Jian
Xom
Yredelemnul
Zin
The Shining One
Beogh
Jiyva
Lugonu


Innate Abilities, Weirdness & Mutations

You reflexively headbutt those who attack you in melee.
You have a pair of horns on your head.


Message History

You destroy the spectral quokka!
You are no longer berserk.
You are exhausted.
You feel yourself slow down. The deep elf mage casts a spell at you.
The bolt of fire hits you!
* * * LOW HITPOINT WARNING * * *
You start resting.
Something hits you.
* * * LOW HITPOINT WARNING * * *
Something bites you!
* * * LOW HITPOINT WARNING * * *
Something draws strength from your injuries!
A demon appears!
Something hits you.
* * * LOW HITPOINT WARNING * * *
Something bites you.
* * * LOW HITPOINT WARNING * * *
Something draws strength from your injuries!
The deep elf mage points at you and mumbles some strange words.
The bolt of fire hits something.
The bolt of fire hits you!
You die...

##''## ###..+
#..).###....##+ ..
.....†#....##.. ...
......(....+... ...e
...÷.†#....##.. #.Z..
#....###....##'##e....
##''## ###..'..e'..#
#....## ####.))###
......# #...).@.#
......# #.....2...#
####### ###########


You could see a deep elf mage and a friendly green death.

Vanquished Creatures
  A catoblepas (D)
  A death yak (D)
  2 deep elf knights (D)
  A deep troll (D)
  A lindwurm (D)
  An orc sorcerer (D)
  4 deep elf magi (D)
  A cyclops (D)
  A black mamba (D)
  A freezing wraith (D)
  A guardian mummy (D)
  A troll (D)
  A tyrant leech (D)
  A basilisk (D)
  6 vampire mosquitoes (D)
  A soldier ant (D)
  A warg (D)
  A floating eye (D)
  A black bear (D)
  A necrophage (D)
  A centaur (D)
  3 killer bees (D)
  3 wights (D)
  A hound (D)
  A jelly (D)
  A gnoll shaman (D)
  An iron imp (D)
  A worker ant (D)
  Terence (D)
  A mummy (D)
  An adder (D)
  3 gnolls (D)
  An adder zombie (D)
  An orc (D)
  A bat skeleton (D)
  A bat zombie (D)
  A giant cockroach (D)
  2 ball pythons (D)
  A rat (D)
55 creatures vanquished.

Notes
Turn   | Place    | Note
-------+----------+-------------------------------------------
     0 | D        | Morrissey the Minotaur Gladiator began the quest for the
                  | Orb.
     0 | D        | Reached XP level 1. HP: 18/18 MP: 0/0
     9 | D        | Noticed a worker ant
    11 | D        | Killed a worker ant
    11 | D        | Reached skill level 5 in Axes
    11 | D        | Reached XP level 2. HP: 22/27 MP: 1/1
    41 | D        | Found a glowing golden altar of the Shining One.
    41 | D        | Found a glowing silver altar of Zin.
    41 | D        | Found a basalt altar of Yredelemnul.
    41 | D        | Found a shimmering altar of Xom.
    41 | D        | Found an ornate altar of the Wu Jian Council.
    41 | D        | Found a bloodstained altar of Trog.
    41 | D        | Found a deep blue altar of Sif Muna.
    41 | D        | Found a sacrificial altar of Ru.
    41 | D        | Found a stormy altar of Qazlal.
    41 | D        | Found an iron altar of Okawaru.
    41 | D        | Found a sparkling altar of Nemelex Xobeh.
    41 | D        | Found a burning altar of Makhleb.
    41 | D        | Found a viscous altar of Jiyva.
    41 | D        | Found a hazy altar of Hepliaklqana.
    41 | D        | Found an opulent altar of Gozag.
    41 | D        | Found a blossoming altar of Fedhas.
    41 | D        | Found a white marble altar of Elyvilon.
    41 | D        | Found a shadowy altar of Dithmenos.
    41 | D        | Found a snail-covered altar of Cheibriados.
    43 | D        | Found a corrupted altar of Lugonu.
    43 | D        | Found a radiant altar of Vehumet.
    43 | D        | Found a roughly hewn altar of Beogh.
    44 | D        | Found an ancient bone altar of Kikubaaqudgha.
    44 | D        | Found a hide-covered altar of Uskayaw.
    44 | D        | Found a shattered altar of Ashenzari.
    50 | D        | Became a worshipper of Makhleb the Destroyer
    77 | D        | Reached * piety under Makhleb
    79 | D        | Reached XP level 3. HP: 33/33 MP: 2/2
    87 | D        | Noticed a floating eye
    88 | D        | Reached skill level 6 in Axes
    90 | D        | Reached ** piety under Makhleb
    90 | D        | Paralysed by a floating eye for 3 turns
    94 | D        | Killed a floating eye
    94 | D        | Reached skill level 5 in Fighting
    94 | D        | Reached skill level 8 in Axes
    94 | D        | Reached skill level 5 in Dodging
    94 | D        | Reached XP level 4. HP: 40/42 MP: 2/5
    94 | D        | Reached XP level 5. HP: 46/48 MP: 2/6
    97 | D        | Reached skill level 5 in Armour
   201 | D        | Noticed a centaur
   203 | D        | Noticed a black bear
   207 | D        | Reached *** piety under Makhleb
   210 | D        | Killed a black bear
   210 | D        | Reached skill level 9 in Axes
   210 | D        | Reached XP level 6. HP: 55/58 MP: 6/8
   216 | D        | Reached **** piety under Makhleb
   219 | D        | Reached skill level 10 in Axes
   225 | D        | Reached skill level 5 in Invocations
   231 | D        | Noticed a deep elf mage
   247 | D        | Killed a deep elf mage
   247 | D        | Reached skill level 12 in Axes
   247 | D        | Reached XP level 7. HP: 69/69 MP: 8/10
   270 | D        | Noticed a deep elf mage
   277 | D        | Killed a deep elf mage
   277 | D        | Reached ***** piety under Makhleb
   277 | D        | Reached XP level 8. HP: 78/78 MP: 10/12
   293 | D        | Noticed Terence
   297 | D        | Killed Terence
   314 | D        | Reached skill level 13 in Axes
   330 | D        | Noticed a black mamba
   330 | D        | Noticed a freezing wraith
   336 | D        | Killed a black mamba
   336 | D        | Reached skill level 10 in Fighting
   342 | D        | Killed a freezing wraith
   342 | D        | Reached skill level 14 in Axes
   342 | D        | Reached XP level 9. HP: 86/86 MP: 13/13
   493 | D        | Noticed an orc sorcerer
   493 | D        | Paralysed by an orc sorcerer for 2 turns
   498 | D        | Reached ****** piety under Makhleb
   501 | D        | Paralysed by an orc sorcerer for 2 turns
   505 | D        | Killed an orc sorcerer
   505 | D        | Reached skill level 10 in Armour
   505 | D        | Reached skill level 10 in Dodging
   515 | D        | Noticed a death yak
   515 | D        | Noticed a catoblepas
   530 | D        | Killed a catoblepas
   530 | D        | Reached skill level 15 in Axes
   546 | D        | Killed a death yak
   546 | D        | Reached XP level 10. HP: 45/97 MP: 14/16
   745 | D        | Noticed a cyclops
   754 | D        | Reached skill level 16 in Axes
   762 | D        | Killed a cyclops
   909 | D        | Reached skill level 10 in Invocations
   911 | D        | Noticed a deep elf mage
   911 | D        | Noticed a deep elf mage
   911 | D        | Noticed a lindwurm
   911 | D        | Noticed a vampire mage
   911 | D        | Noticed a deep elf mage
   911 | D        | Noticed a deep elf knight
   912 | D        | Noticed a deep elf knight
   912 | D        | Noticed a deep troll
   926 | D        | HP: 1/99 [lindwurm (8)]
   932 | D        | Killed a lindwurm
   932 | D        | Reached skill level 17 in Axes
   935 | D        | Killed a deep elf knight
   936 | D        | Killed a deep elf mage
   945 | D        | Killed a deep elf knight
   945 | D        | Reached XP level 11. HP: 92/107 MP: 16/18
   946 | D        | Killed a deep elf mage
   946 | D        | Reached skill level 18 in Axes
   951 | D        | Killed a deep troll
   955 | D        | Killed from afar by a deep elf mage

Skill      XL: |  1  2  3  4  5  6  7  8  9 10 11 |
---------------+----------------------------------+-----
Fighting       | 3 4 5 6 8 9 10 11 13 | 13.5
Axes           | 5 8 9 12 14 15 17 18 | 18.2
Armour         | 2 4 5 8 9 11 12 13 | 13.0
Dodging        | 4 5 6 8 9 11 12 | 12.6
Invocations    | 2 4 6 7 9 10 11 | 11.0
Throwing       | |  2.0

Action                   |  1- 3 |  4- 6 |  7- 9 | 10-12 || total
-------------------------+-------+-------+-------+-------++-------
Melee: War axe           |    12 |     3 |    30 |    65 ||   110
       Headbutt          |     2 |    14 |    18 |    16 ||    50
       Hand axe          |       |    31 |    43 |       ||    74
Invok: Greater Servant o |       |       |       |     1 ||     1
  Use: Potion            |       |       |     1 |     3 ||     4
 Stab: Petrified         |       |       |    18 |       ||    18
Armor: Leather armour    |     1 |       |       |       ||     1
       Plate armour      |       |    19 |    31 |    26 ||    76
Dodge: Dodged            |    11 |    15 |    20 |    55 ||   101
